 Dungeon Crawl Stone Soup version 0.18.1-48-g4cf74bf (webtiles) character file.

116 Gargoyl the Skirmisher (level 4, -8/37 HPs)
             Began as a Demonspawn Abyssal Knight on Sept 2, 2016.
             Was a Follower of Lugonu.
             Killed from afar by a steam dragon (22 damage)
             ... with a ball of steam
             ... on level 2 of the Dungeon.
             The game lasted 00:04:35 (2097 turns).

Gargoyl the Skirmisher (Demonspawn Abyssal Knight)  Turns: 2097, Time: 00:04:36

Health: -8/37      AC: 23    Str: 13    XL:     4   Next: 69%
Magic:  5/5        EV: 11    Int: 19    God:    Lugonu [*.....]
Gold:   115        SH:  0    Dex: 20    Spells: 0 memorised, 3 levels left

rFire  . . .     SeeInvis .     a - +1 hand axe
rCold  . . .     Gourm    .     d - +8 chain mail of Sorcery {rPois Dex+4}
rNeg   + . .     Faith    .     (no shield)
rPois  +         Spirit   .     (no helmet)
rElec  .         Dismiss  .     (no cloak)
rCorr  .         Reflect  .     (no gloves)
SustAt .         Harm     .     (no boots)
MR     .....                    (no amulet)
Stlth  ..........               i - +2 ring of protection
                                j - ring of positive energy

@: brilliant, agile, not resistant to hostile enchantments, extremely unstealthy
A: rough black scales 1, powered by pain 1
a: Depart the Abyss, Renounce Religion


You were on level 2 of the Dungeon.
You worshipped Lugonu.
Lugonu was aware of your devotion.
You were not hungry.

You visited 1 branch of the dungeon, and saw 2 of its levels.
You visited the Abyss 1 time.

You collected 115 gold pieces.

Inventory:

Hand Weapons
 a - a +1 hand axe (weapon)
 p - a +0 spear
Armour
 d - the +8 chain mail of Sorcery (worn) {rPois Dex+4}
   (You found it on level 2 of the Abyss)

   It affects your dexterity (+4).
   It protects you from poison.
Jewellery
 i - a +2 ring of protection (right hand)
 j - a ring of positive energy (left hand)
 k - an uncursed ring of sustain attributes
Scrolls
 b - 2 scrolls of enchant armour
 g - 3 scrolls of recharging {unknown}
 h - a scroll of random uselessness {unknown}
 o - a scroll of noise {unknown}
Potions
 e - a potion of curing
Comestibles
 c - 2 bread rations
 f - a slice of pizza
 l - a meat ration


   Skills:
 + Level 4.0 Fighting
 + Level 2.2 Axes
 * Level 3.3 Armour
 + Level 1.1 Dodging
 + Level 2.6 Invocations


You had 3 spell levels left.
You didn't know any spells.

Dungeon Overview and Level Annotations

Branches:
Dungeon (2/15)

Altars:


Innate Abilities, Weirdness & Mutations

You are partially covered in rough black scales (AC +4, Dex -1).
You sometimes gain a little power by taking damage.


Message History

Okay, then.
You closely miss the steam dragon.
The steam dragon is lightly wounded.
You are engulfed in a cloud of scalding steam.
The steam dragon bites you but does no damage.
The steam dragon closely misses you.
You barely miss the steam dragon.
The steam dragon is lightly wounded.
The steam dragon breathes steam at you. The ball of steam hits you!
You hit the steam dragon.
The steam dragon is moderately wounded.
You are engulfed in a cloud of scalding steam.
The steam dragon closely misses you. x2
You closely miss the steam dragon.
The steam dragon is moderately wounded.
The steam dragon breathes steam at you. The ball of steam hits you!
Ouch! That really hurt!
You die...

#...# #...# #...#
#.### ##########.#
#..........## ....
#.##........#### ....#
#.#.....§......# ....#
#.#.....§.@D..(# ....#
#.#.#.####§....##....#
#.#.#.#...<..........#
#.#.#.#.##.....#.#.###
#.#.#..............#
#.#...#.#..#####.### #
##.#.#.........#....#
#
#..............#.<#.#
#
#..#.#...#........#.#
#


You could see a steam dragon.

Vanquished Creatures
  Natasha (twice) (D:2)
  An adder (D:2)
  An ooze (D:2)
  5 worms (D:2)
  A giant gecko (D:2)
  A giant cockroach (D:2)
  2 goblins (D:1)
  12 hobgoblins
  7 bats
  3 kobolds
  4 rats
39 creatures vanquished.

Notes
Turn   | Place    | Note
--------------------------------------------------------------
     0 | Abyss:1  | Gargoyl the Demonspawn Abyssal Knight began the quest for the Orb.
     0 | Abyss:1  | Reached XP level 1. HP: 18/18 MP: 2/2
    41 | Abyss:1  | Found a corrupted altar of Lugonu.
   143 | Abyss:2  | Got a bloodstained chain mail
   154 | Abyss:2  | Identified the +8 chain mail of Sorcery {rPois Dex+4} (You found it on level 2 of the Abyss)
   158 | Abyss:2  | Noticed a small abomination
   165 | D:1      | Escaped the Abyss
   276 | D:1      | Reached * piety under Lugonu
   436 | D:1      | Gained mutation: You are partially covered in rough black scales (AC +4, Dex -1). [demonic ancestry]
   436 | D:1      | Reached XP level 2. HP: 24/24 MP: 3/3
  1176 | D:2      | Reached skill level 1 in Dodging
  1176 | D:2      | Gained mutation: You sometimes gain a little power by taking damage. [demonic ancestry]
  1176 | D:2      | Reached XP level 3. HP: 20/29 MP: 4/4
  1492 | D:2      | Noticed Natasha
  1500 | D:2      | Killed Natasha
  1500 | D:2      | Reached XP level 4. HP: 34/37 MP: 5/5
  1680 | D:2      | Noticed Natasha
  1699 | D:2      | Killed Natasha
  1699 | D:2      | Reached skill level 4 in Fighting
  2076 | D:2      | Noticed a steam dragon
  2097 | D:2      | Killed from afar by a steam dragon

Skill      XL: |  1  2  3  4 |
---------------+-------------+-----
Axes           | 2 |  2.2
Armour         | 2 3 |  3.3
Dodging        | 1 |  1.1
Fighting       | 4 |  4.0
Invocations    | |  2.6

Action                   |  1- 3 |  4- 6 || total
-------------------------+-------+-------++-------
Melee: Hand axe          |   129 |    55 ||   184
Invok: Depart the Abyss  |     1 |       ||     1
  Use: Scroll            |     2 |       ||     2
       Potion            |       |     2 ||     2
  Eat: Chunk             |     2 |     2 ||     4
Armor: Chain mail        |   135 |    64 ||   199
Dodge: Dodged            |    37 |    28 ||    65
